 Dungeon Crawl Stone Soup version 0.30-a0-800-g7c544603b3 (webtiles) character file.

Game seed: 11301886075879095717

49 jlumianski the Trooper (level 3, -4/29 HPs)
             Began as a Demonspawn Fighter on Feb 21, 2023.
             Slain by a gnoll
             ... wielding a +2 flail of venom
              (9 damage)
             ... on level 2 of the Dungeon.
             The game lasted 00:11:13 (1064 turns).

jlumianski the Trooper (Demonspawn Fighter)         Turns: 1064, Time: 00:11:13

Health: -4/29      AC:  6    Str: 18    XL:     3   Next: 51%
Magic:  3/3        EV:  9    Int:  9    God:
Gold:   118        SH:  4    Dex: 12    Spells: 2/2 levels left

rFire   + . .      SeeInvis +    a - +0 war axe
rCold   . . .      Faith    .    c - +0 buckler
rNeg    . . .      Spirit   .    b - +0 scale mail
rPois   .          Reflect  .    (helmet restricted)
rElec   .          Harm     .    (no cloak)
rCorr   .          Rampage  .    (no gloves)
Will    .....                    (no boots) Stlth
                                 (no amulet)
HPRegen 0.24/turn                m - ring of see invisible
MPRegen 0.08/turn                o - ring of protection from fire

@: lethally poisoned (-4 -> -8)
A: horns 1, weakness stinger 1
a: no special abilities


You were on level 2 of the Dungeon.
You visited 1 branch of the dungeon, and saw 2 of its levels.

You collected 118 gold pieces.

Inventory:

Hand Weapons
 a - a +0 war axe (weapon)
Missiles
 g - 16 stones (quivered)
 j - 6 poisoned darts
Armour
 b - a +0 scale mail (worn)
 c - a +0 buckler (worn)
 h - a +0 pair of gloves
Jewellery
 m - a ring of see invisible (left hand)
 o - a ring of protection from fire (right hand)
Scrolls
 e - 2 scrolls of enchant weapon {unknown}
 f - 5 scrolls of identify {unknown}
 i - 3 scrolls of noise {unknown}
 l - 2 scrolls of enchant armour {unknown}
 n - a scroll of fog {unknown}
 p - a scroll of magic mapping {unknown}
Potions
 d - a potion of might
 k - a potion of invisibility {unknown}
 q - a potion of flight {unknown}


   Skills:
 + Level 3.4 Fighting
 + Level 2.7 Axes
 + Level 2.9 Armour
 + Level 0.1 Dodging
 + Level 2.8 Shields


You had 2 spell levels left.
You didn't know any spells.
Your spell library contained the following spells:

 Spells                   Type           Power      Damage    Failure   Level
 Sandblast                Erth           0%         2d4       86%         1
 Passwall                 Tmut/Erth      0%         N/A       95%         2
 Stone Arrow              Conj/Erth      0%         3d7       99%         3


Dungeon Overview and Level Annotations

Branches:
Dungeon (2/15)

Altars:


Innate Abilities, Weirdness & Mutations

You have a pair of small horns on your head.
You have a small tail.


Message History

A quokka comes into view.
You miss the quokka. Your headbutt misses the quokka.
You block the quokka's attack.
You slash the quokka!
You kill the quokka!
You see here a quokka corpse.
A frilled lizard and a gnoll come into view.
The gnoll is wielding a +2 flail of venom.
Found a stone staircase leading down.
The frilled lizard hisses angrily.
The gnoll shouts!
You hear a shout!
A gnoll comes into view. It is wielding a +0 halberd.
Found 4 stones.
The gnoll shouts!
You hear a distant slurping noise.
You hear a distant slurping noise.
You miss the frilled lizard.
Your headbutt misses the frilled lizard.
The frilled lizard barely misses you.
You hit the frilled lizard.
You kill the frilled lizard!
The gnoll barely misses you.
The gnoll hits you from afar with a +0 halberd!
The gnoll hits you with a +2 flail of venom.
You are poisoned.
You closely miss the gnoll.
You feel very sick.
The gnoll hits you with a +2 flail of venom.
The gnoll barely misses you.
You completely miss the gnoll. You tail-slap the gnoll.
The gnoll is moderately wounded.
* * * LOW HITPOINT WARNING * * *
You feel very sick. The gnoll completely misses you.
The gnoll closely misses you. x3
You slash the gnoll!
You tail-slap the gnoll, but do no damage.
The gnoll is almost dead.
* * * LOW HITPOINT WARNING * * *
You feel sick.
The gnoll hits you with a +2 flail of venom!
You die...

# .# #######
#####.# #.....#
#@g...#
#...#####g###
#...ggl...###
.......#.........#
.....#.#....†.##.#
..>. #.#..###.# .#
##+ #.#..###.##.#
#.#.........#
#(#.###.#####


You could see 2 gnolls.

Vanquished Creatures
  A dart slug (D:1)
  3 endoplasms (D:1)
  3 giant cockroaches
  2 goblins
  2 hobgoblins
  4 jackals (D:1)
  7 kobolds (D:1)
  5 quokkas
  2 ball pythons (D:1)
  5 bats
  2 frilled lizards
  5 rats
41 creatures vanquished.

Notes
Turn   | Place    | Note
-------+----------+-------------------------------------------
     0 | D:1      | jlumianski the Demonspawn Fighter began the quest for the
                  | Orb.
     0 | D:1      | Reached XP level 1. HP: 18/18 MP: 1/1
    45 | D:1      | Discovered your monstrous ancestry.
    45 | D:1      | Gained mutation: You have a pair of small horns on your
                  | head. [demonic ancestry]
    45 | D:1      | Reached XP level 2. HP: 19/24 MP: 2/2
   328 | D:1      | Gained mutation: You have a small tail. [demonic ancestry]
   328 | D:1      | Reached XP level 3. HP: 19/29 MP: 3/3
  1064 | D:2      | Slain by a gnoll

Illustrated notes

Levels and vault maps discovered:
D:1:      roderic_octagonal_star, layout_rooms
D:2:      layout_basic

Skill      XL: |  1  2 |
---------------+-------+-----
Axes           | 2 |  2.7
Fighting       | |  3.4
Armour         | |  2.9
Dodging        | |  0.1
Shields        | |  2.8

Action                     || total
---------------------------++-------
  Melee: War axe           ||   106
         Headbutt          ||     9
         Tailslap          ||     4
 Armour: Scale mail        ||    64
  Dodge: Dodged            ||    70
  Block: Buckler           ||    22

Table legend: (Time is in decaauts)
 A = Elapsed time spent in this place.
 B = Non-inter-level travel time spent in this place.
 C = Inter-level travel time spent in this place.
 D = Time resting spent in this place.
 E = Time spent auto-exploring this place.
 F = Levels seen in this place.
 G = Mean time per level.
                   A        B        C        D        E       F      G
               +--------+--------+--------+--------+--------+-----+--------+
         Total |   1108 |   1108 |      0 |      0 |    581 |   2 |  554.0 |
       Dungeon |   1108 |   1108 |      0 |      0 |    581 |   2 |  554.0 |
               +--------+--------+--------+--------+--------+-----+--------+

Top non-repeatable levels by time:
     D:1: 760 daAuts
     D:2: 348 daAuts
